 Dungeon Crawl Stone Soup version 0.27-a0-93-g19769c27d7 (webtiles) character file.

Game seed: 9338772551368136699

34 dickylongcocking the Shield-Bearer (level 3, -2/33 HPs)
             Began as a Deep Dwarf Fighter on Jan 16, 2021.
             Slain by a worm (4 damage)
             ... on level 1 of the Dungeon.
             The game lasted 00:00:50 (1665 turns).

dickylongcocking the Shield-Bearer (DDFi)           Turns: 1665, Time: 00:00:50

Health: -2/33      AC:  6    Str: 20    XL:     3   Next: 14%
Magic:  3/3        EV: 11    Int:  8    God:
Gold:   37         SH:  9    Dex: 12    Spells: 2/2 levels left

rFire    + . .     SeeInvis .   a - +0 war axe
rCold    . . .     Faith    .   c - +0 kite shield
rNeg     . . .     Spirit   .   b - +0 scale mail
rPois    .         Reflect  .   (no helmet)
rElec    .         Harm     .   (no cloak)
rCorr    .         Rampage  .   (no gloves)
Will     .....                  (no boots)
Stlth    ..........             (no amulet)
HPRegen  0.00/turn              i - ring of protection from fire
MPRegen  0.08/turn              j - +4 ring of evasion

@: mighty, non-regenerating
A: damage resistance, heal wounds, sense surroundings 1, no regeneration
a: Heal Wounds


You were on level 1 of the Dungeon.
You visited 1 branch of the dungeon, and saw 2 of its levels.

You collected 37 gold pieces.

Inventory:

Hand Weapons
 a - a +0 war axe (weapon)
Armour
 b - a +0 scale mail (worn)
 c - a +0 kite shield (worn)
Jewellery
 i - a ring of protection from fire (left hand)
 j - a +4 ring of evasion (right hand)
Scrolls
 f - a scroll of fear {unknown}
 g - a scroll of enchant armour {unknown}
Potions
 e - a potion of attraction {unknown}
 h - a potion of haste {unknown}


   Skills:
 - Level 2.6 Fighting
 * Level 2.9(3.2) Axes
 * Level 1.5(2.3) Maces & Flails
 - Level 3.2 Armour
 * Level 3.8 Shields


You had 2 spell levels left.
You didn't know any spells.
Your spell library was empty.

Dungeon Overview and Level Annotations

Branches:
Dungeon (2/15)

Altars:

Annotations:
D:1 Robin


Innate Abilities, Weirdness & Mutations

You are resistant to damage.
You can heal yourself by infusing magical energy.
You passively map a small area around you.
You do not regenerate.


Message History

You block Robin's attack. The goblin closely misses you.
You block the hobgoblin's attack.
Unknown command.
Unknown command.
You closely miss Robin.
Your shield and scale mail prevent you from hitting the worm.
You closely miss the goblin. You closely miss the hobgoblin.
The worm bites you but does no damage. Robin closely misses you.
You block the goblin's attack.
The hobgoblin hits you but does no damage.
Unknown command.
Unknown command.
You hit Robin.
Robin is moderately wounded.
You closely miss the hobgoblin. You barely miss the goblin. You slash the worm!
You block Robin's attack. The goblin closely misses you.
The hobgoblin hits you with a +0 club.
* * * LOW HITPOINT WARNING * * *
The worm bites you.
You die...

#.######.#.##......
#.# #.#.##.#.#.#
#.######(#.##.....#
#.##........).....#
#........#........#
#........######.###
##.#.###.# #.# #g#.#
#.# #.# #@gg# #.#
##+## #wg## #.#
##...## #..####.#
##.....#
#.......###.......
#####....####........
#....................
#.....###≈###........
#.#...#.#≈#.#........
#...###.#≈#.###.....#


You could see a worm, Robin, 2 hobgoblins and a goblin (strong).

Vanquished Creatures
  An ooze (D:1)
  A worm (D:2)
  8 goblins
  4 hobgoblins (D:1)
  2 bats (D:1)
  2 frilled lizards (D:1)
  4 kobolds (D:1)
  3 rats (D:1)
25 creatures vanquished.

Notes
Turn   | Place    | Note
-------+----------+-------------------------------------------
     0 | D:1      | dickylongcocking the Deep Dwarf Fighter began the quest for
                  | the Orb.
     0 | D:1      | Reached XP level 1. HP: 20/20 MP: 1/1
   264 | D:1      | Reached XP level 2. HP: 25/27 MP: 2/2
   420 | D:1      | Reached skill level 1 in Maces & Flails
   740 | D:2      | Noticed Robin
   741 | D:2      | Reached XP level 3. HP: 19/33 MP: 3/3
  1665 | D:1      | Slain by a worm

Illustrated notes

Levels and vault maps discovered:
D:1:      dpeg_arrival_pits, layout_loops_corners, grunt_decor_cap
D:2:      layout_loops_ring, marbit_many_paths, chequers_serial_rivers_micro_b,
          lemuel_tele_altar, uniq_robin

Skill      XL: |  1  2 |
---------------+-------+-----
Maces & Flails | 1 |  1.5
Fighting       | |  2.6
Axes           | |  2.9
Armour         | |  3.2
Shields        | |  3.8

Action                   || total
-------------------------++-------
Melee: War axe           ||    73
  Use: Potion            ||     1
Armor: Scale mail        ||    27
Dodge: Dodged            ||    25
Block: Kite shield       ||    39

Table legend: (Time is in decaauts)
 A = Elapsed time spent in this place.
 B = Non-inter-level travel time spent in this place.
 C = Inter-level travel time spent in this place.
 D = Time resting spent in this place.
 E = Time spent auto-exploring this place.
 F = Levels seen in this place.
 G = Mean time per level.
                   A        B        C        D        E       F      G
               +--------+--------+--------+--------+--------+-----+--------+
         Total |   1696 |   1686 |     10 |    900 |    578 |   2 |  848.0 |
       Dungeon |   1696 |   1686 |     10 |    900 |    578 |   2 |  848.0 |
               +--------+--------+--------+--------+--------+-----+--------+

Top non-repeatable levels by time:
     D:1: 1670 daAuts
     D:2: 25 daAuts
